AoeStats
← Recnec

Oasis

509458708Analyzed
3v3 RM · 5d ago on Sep 26, 2026· 57m 25s· 6 players
Game mode
Random Map
Map size
Normal (6 player)
Population
200
Speed
Normal
Resources
Standard
Victory
Conquest
Starting age
Dark Age
Ending age
Imperial Age
RankedLock teamsTeams togetherTeam positionsShared explorationLock speedFull tech treeHidden civsTurbo modeCheats
Victory
Defeat
🇨🇦 Byzantines · Canada
922
+17
🇬🇧 Franks · United Kingdom
921
+17
🇬🇧 Ethiopians · United Kingdom
911
+17
🇪🇸 Japanese · Spain
994
-19
🇪🇸 Vikings · Spain
923
-16
🇪🇸 Malians · Spain
905
-42
ᅚᅚ
3:10 Loom
12:52 Feudal Age
13:44 Double-Bit Axe
18:11 Fletching
18:37 Gold Mining
23:23 Castle Age
26:10 Bow Saw
25:56 Crossbowman
27:21 Scale Barding Armor
30:22 Bodkin Arrow
32:18 Padded Archer Armor
47:57 Thumb Ring
53:38 Imperial Age
52:55 Leather Archer Armor
56:23 Arbalester
58:26 Two-Man Saw
hoaxkey
7:49 Loom
10:59 Feudal Age
14:58 Double-Bit Axe
22:42 Castle Age
21:15 Scale Barding Armor
22:48 Forging
25:48 Chain Barding Armor
32:40 Iron Casting
33:14 Husbandry
41:35 Imperial Age
44:53 Cavalier
45:43 Capped Ram
49:59 Paladin
52:45 Plate Barding Armor
53:11 Blast Furnace
Kock Legend
5:15 Loom
11:28 Feudal Age
11:58 Double-Bit Axe
13:52 Gold Mining
13:51 Horse Collar
21:16 Fletching
22:15 Wheelbarrow
25:00 Castle Age
26:42 Hand Cart
26:45 Crossbowman
27:27 Bodkin Arrow
27:33 Padded Archer Armor
29:53 Thumb Ring
31:46 Husbandry
31:56 Scale Barding Armor
32:02 Forging
34:44 Heavy Plow
35:26 Leather Archer Armor
35:33 Chain Barding Armor
38:17 Iron Casting
42:27 Imperial Age
42:52 Arbalester
43:38 Cavalier
44:56 Ring Archer Armor
44:26 Bracer
44:28 Scale Mail Armor
48:32 Gold Shaft Mining
47:47 Stone Mining
50:02 Blast Furnace
49:18 Chain Mail Armor
56:55 Chemistry
55:48 Heated Shot
Albertovk
16:43 Feudal Age
19:34 Man-at-Arms
37:02 Castle Age
35:40 Wheelbarrow
42:58 Elite Skirmisher
Draek
11:47 Feudal Age
17:56 Castle Age
15:46 Horse Collar
15:57 Double-Bit Axe
16:38 Gold Mining
17:32 Fletching
22:25 Bodkin Arrow
25:50 Scale Mail Armor
26:02 Forging
26:21 Loom
26:53 Stone Mining
27:35 Squires
27:46 Elite Skirmisher
28:39 Crossbowman
29:23 Padded Archer Armor
29:53 Town Watch
34:16 Leather Archer Armor
36:14 Town Patrol
44:27 Imperial Age
42:56 Arson
43:47 Chain Mail Armor
44:14 Bow Saw
44:46 Chieftains
46:05 Ballistics
45:09 Arbalester
48:07 Elite Varangian Guard
50:09 Bracer
50:45 Iron Casting
54:27 Conscription
56:44 Ring Archer Armor
57:15 Blast Furnace
Recnec
7:29 Loom
11:52 Feudal Age
13:36 Wheelbarrow
15:59 Castle Age
15:41 Scale Mail Armor
16:49 Stone Mining
18:28 Double-Bit Axe
19:30 Gold Mining
22:03 Chain Mail Armor
22:39 Forging
25:31 Iron Casting
27:21 Pikeman
32:52 Yasama
32:45 Horse Collar
44:55 Hand Cart
44:57 Bow Saw
46:37 Guard Tower
49:32 Elite Skirmisher
53:24 Imperial Age
50:44 Town Watch
51:10 Fletching
53:48 Ballistics
53:33 Bodkin Arrow
53:31 Elite Samurai
54:53 Conscription
54:10 Halberdier
Connection lost

Rejoining the realm…

Still unreachable

The connection could not be restored.

Session expired

The server has moved on; the page needs a fresh start.